 Dungeon Crawl Stone Soup version 0.18-b1-2-gd0c887e (webtiles) character file.

19 RudyRod the Magician (level 2, 0/19 HPs)
             Began as a Demonspawn Wizard on Apr 28, 2016.
             Slain by an adder (3 damage)
             ... on level 2 of the Dungeon.
             The game lasted 00:10:24 (1771 turns).

RudyRod the Magician (Demonspawn Wizard)            Turns: 1771, Time: 00:10:25

Health: 0/19       AC:  2    Str:  7    XL:     2   Next: 55%
Magic:  1/6        EV: 12    Int: 19    God:
Gold:   58         SH:  0    Dex: 11    Spells: 2 memorised, 4 levels left

rFire  . . .     SeeInvis .     g - +0 spear
rCold  . . .     Gourm    .     a - +0 robe
rNeg   . . .     Faith    .     (no shield)
rPois  .         Spirit   .     b - +0 hat
rElec  .         Dismiss  .     (no cloak)
rCorr  +         Reflect  .     (no gloves)
SustAt .         Harm     .     (no boots)
MR     .....                    (no amulet)
Stlth  ++........               (no ring)
                                m - ring of resist corrosion

@: lethally poisoned (0 -> -6), very slightly contaminated, not resistant to
hostile enchantments, unstealthy
A: claws 1
a: no special abilities


You were on level 2 of the Dungeon.
You were near starving.

You visited 1 branch of the dungeon, and saw 2 of its levels.

You collected 58 gold pieces.

Inventory:

Hand Weapons
 e - a +0 club
 g - a +0 spear (weapon)
Armour
 a - a +0 robe (worn)
 b - a +0 hat (worn)
 i - a +0 scale mail
Jewellery
 m - a ring of resist corrosion (left claw)
Scrolls
 j - 2 scrolls of remove curse {unknown}
Potions
 f - a potion of cancellation {unknown}
 k - 2 potions of agility {unknown}
 l - a potion of mutation {unknown}
Books
 c - a book of Minor Magic

   Spells                             Type                      Level
   a - Magic Dart                     Conjuration                  1
   b - Blink                          Translocation                2
   c - Call Imp                       Summoning                    2
   d - Repel Missiles                 Charms/Air                   2
   e - Slow                           Hexes                        2
   f - Conjure Flame                  Conjuration/Fire             3
   g - Mephitic Cloud                 Conjuration/Poison/Air       3
Comestibles
 d - a bread ration
 h - a slice of pizza
 n - a meat ration


   Skills:
 + Level 0.2 Fighting
 + Level 2.0 Dodging
 + Level 1.9 Stealth
 + Level 3.4 Spellcasting
 + Level 1.2 Conjurations
 + Level 1.0 Summonings
   Level 0.8 Translocations


You had 4 spell levels left.
You knew the following spells:

 Your Spells              Type           Power        Failure   Level  Hunger
a - Magic Dart            Conj           #...         10%         1    None
b - Call Imp              Summ           #.......     17%         2    ##.....


Dungeon Overview and Level Annotations

Branches:
Dungeon (2/15)

Altars:


Innate Abilities, Weirdness & Mutations

You have sharp fingernails.


Message History

Your crimson imp blinks!
The adder bites you.
A kobold comes into view. It is wielding a short sword.
The bat barely misses you. The bat barely misses you.
Your crimson imp blinks!
You swap places.
The bat hits your crimson imp but does no damage.
The adder closely misses your crimson imp. x2
Your crimson imp completely misses the adder.
Your crimson imp disappears in a puff of smoke!
The bat misses you. The bat misses you.
You miss the bat. The bat hits you. The adder bites you.
* * * LOW HITPOINT WARNING * * *
You are lethally poisoned!
The adder poisons you!
* * * LOW HITPOINT WARNING * * *
You feel sick. The adder bites you.
You die...

.S... #.##........(....
.....######.........).###.
........#....#..##......#
##.####...........###......#
#.........5.......###......#
.....#..)...............####..
.....#.......K...#..#.### ...
.....##..........##...# ....
.....###...#...#@####.####....
.......#######.S.b###.#.......
..........#######........#....
.....#...)...# #.##......>#.##
.>######...#.####..............##
..# ###...................#...
..# ##.######...........#### ..#
#..#######.........#### ....
##.....###.........##..


You could see an adder, a bat, a kobold and a friendly crimson imp.

Vanquished Creatures
  2 goblins (D:1)
  7 hobgoblins
  2 kobolds
  A quokka (D:2)
  3 rats
15 creatures vanquished.

Vanquished Creatures (collateral kills)
  A dart slug (D:2)
1 creature vanquished.

Grand Total: 16 creatures vanquished

Notes
Turn   | Place    | Note
--------------------------------------------------------------
     0 | D:1      | RudyRod the Demonspawn Wizard began the quest for the Orb.
     0 | D:1      | Reached XP level 1. HP: 13/13 MP: 4/4
   905 | D:1      | Gained mutation: You have sharp fingernails. [demonic ancestry]
   905 | D:1      | Reached XP level 2. HP: 6/19 MP: 0/6
  1564 | D:2      | Learned a level 2 spell: Call Imp
  1771 | D:2      | Slain by an adder

Skill      XL: |  1  2 |
---------------+-------+-----
Dodging        | 2 |  2.0
Fighting       | |  0.2
Stealth        | |  1.9
Spellcasting   | |  3.4
Conjurations   | |  1.2
Summonings     | |  1.0
Translocations | |  0.8

Action                   || total
-------------------------++-------
Melee: Unarmed           ||     8
       Spear             ||     8
 Cast: Magic Dart        ||    47
       Call Imp          ||     5
  Use: Scroll            ||     3
       Potion            ||     1
  Eat: Chunk             ||     1
Armor: Robe              ||     8
Dodge: Dodged            ||    26
